 Dungeon Crawl Stone Soup version 0.21.1-1-g345015fe64 (webtiles) character file.

4172 Lavandula the Thrower (level 10, -5/72 HPs)
             Began as a Barachi Earth Elementalist on July 19, 2018.
             Was a Priest of Cheibriados.
             Slain by an orc warrior
             ... wielding a +0 trident
              (22 damage)
             ... on level 9 of the Dungeon on July 20, 2018.
             The game lasted 00:26:28 (3699 turns).

Lavandula the Thrower (Barachi Earth Elementalist)  Turns: 3699, Time: 00:26:28

Health: -5/72      AC:  5    Str: 19    XL:     10   Next: 28%
Magic:  16/16      EV: 17    Int: 27    God:    Cheibriados [***...]
Gold:   438        SH:  0    Dex: 25    Spells: 1/18 levels left

rFire    . . .     SeeInvis .   O - +4 scimitar (flame)
rCold    . . .     Gourm    .   (no shield)
rNeg     . . .     Faith    .   G - +0 robe
rPois    .         Spirit   .   K - +0 helmet of Benevolence {+Blink Dex+4}
rElec    .         Reflect  .   (no cloak)
rCorr    .         Harm     .   j - +0 pair of gloves
MR       .....                  F - +0 pair of boots
Stlth    +++.......             (no amulet)
HPRegen  0.62/turn              M - +1 ring of evasion
MPRegen  0.15/turn              (no ring)

@: can't hop, very slow
A: +LOS, swims, frail 1, regeneration 1, slowness 1, strong 1, strong legs 1
a: Hop, Bend Time, Temporal Distortion, Renounce Religion, Evoke Blink


You were on level 9 of the Dungeon.
You worshipped Cheibriados.
Cheibriados was most pleased with you.
You were not hungry.

You visited 2 branches of the dungeon, and saw 10 of its levels.
You also visited: Sewer.

You collected 438 gold pieces.

Inventory:

Hand Weapons
 a - a +2 great sword of freezing
 g - a +0 short sword
 o - a +0 quarterstaff
 r - a cursed -1 short sword
 s - the +10 hunting sling "Keonyly" {freeze, Dex+5}
   (You found it in a sewer)

   It causes projectiles fired from it to freeze those they strike, causing
   extra injury to most foes and up to half again as much damage against
   particularly susceptible opponents.
   They can also slow down cold-blooded creatures.
   It affects your dexterity (+5).
 B - a +1 mace of draining
 H - a +1 falchion of slicing
 L - a +3 falchion of freezing
 O - a +4 scimitar of flaming (weapon)
Missiles
 b - 91 stones (quivered)
Armour
 c - a +0 robe
 j - a +0 pair of gloves (worn)
 x - a +2 hat
 F - a +0 pair of boots (worn)
 G - a +0 robe (worn)
 K - the +0 helmet of Benevolence (worn) {+Blink Dex+4}
   (You found it on level 6 of the Dungeon)

   It affects your dexterity (+4).
   It lets you blink.
 P - a +0 chain mail
Jewellery
 M - a +1 ring of evasion (left hand)
Wands
 i - a wand of acid (7)
Scrolls
 h - 5 scrolls of teleportation
 l - 4 scrolls of fear {unknown}
 q - a scroll of immolation {unknown}
 u - a scroll of fog {unknown}
 w - a scroll of magic mapping {unknown}
 y - a scroll of noise {unknown}
 C - 2 scrolls of amnesia
 E - a scroll of remove curse
 I - a scroll of blinking {unknown}
 J - a scroll of holy word
Potions
 f - 2 potions of heal wounds {unknown}
 k - 2 potions of agility
 m - 4 potions of flight
 n - a potion of curing
 t - a potion of invisibility {unknown}
 z - a potion of ambrosia {unknown}
 A - 2 potions of berserk rage
Books
 e - a book of Geomancy

   Spells                             Type                      Level
   a - Sandblast                      Earth                        1
   b - Passwall                       Transmutation/Earth          2
   c - Stone Arrow                    Conjuration/Earth            3
   d - Petrify                        Transmutation/Earth          4
   e - Lee's Rapid Deconstruction     Earth                        5
 D - a book of Callings

   Spells                             Type                      Level
   a - Summon Small Mammal            Summoning                    1
   b - Call Imp                       Summoning                    2
   c - Call Canine Familiar           Summoning                    3
   d - Summon Guardian Golem          Hexes/Summoning              3
   e - Summon Lightning Spire         Summoning/Air                4
   f - Summon Ice Beast               Ice/Summoning                4
Comestibles
 d - 15 rations


   Skills:
 - Level 7.9 Fighting
 - Level 4.3 Long Blades
 - Level 9.8 Throwing
 + Level 4.6 Dodging
 - Level 1.7 Stealth
 - Level 4.5 Spellcasting
 - Level 1.1 Transmutations
 - Level 5.0 Earth Magic
 - Level 3.1 Evocations


You had one spell level left.
You knew the following spells:

 Your Spells              Type           Power        Failure   Level  Hunger
a - Sandblast             Erth           ####..       1%          1    None
b - Stone Arrow           Conj/Erth      ###...       8%          3    ##.....
c - Petrify               Tmut/Erth      ###.....     22%         4    ####...
d - Summon Lightning Spi  Summ/Air       #.......     58%         4    ####...
e - Lee's Rapid Deconstr  Erth           ####......   26%         5    #####..


Dungeon Overview and Level Annotations

Branches:
Dungeon (9/15)             Temple (1/1) D:4            Lair (0/6) D:8
    Orc: D:9-12

Altars:
Ashenzari
Cheibriados
Dithmenos
Elyvilon
Fedhas
Gozag
Hepliaklqana
Kikubaaqudgha
Nemelex Xobeh
Okawaru
Ru
Trog
Uskayaw
Vehumet
Wu Jian
Xom
Zin
The Shining One

Annotations:
D:3 Robin; originalK's ghost, amateur DDVM


Innate Abilities, Weirdness & Mutations

Shadows flee at your approach. (+LOS)
You can swim through water.
You cover ground slowly.
You can hop short distances.
You are frail. (-10% HP)
Your natural rate of healing is unusually fast.
Your muscles are strong. (Str +2)


Message History

The orc warrior hits you with a trident!
The orc barely misses you.
You riposte.
You closely miss the orc. 2 orcs and a crimson imp come into view.
Unknown command.
Okay, then.
Okay, then.
You feel better.
The crimson imp moves out of view.
The orc priest mumbles some strange prayers to Beogh against you.
Beogh smites you!
* * * LOW HITPOINT WARNING * * *
The orc closely misses you.
You riposte.
An orc warrior comes into view. It is wielding a trident of protection.
The orc warrior shouts!
You slash the orc! You burn the orc.
You kill the orc!
Cheibriados thoroughly appreciates the change of pace.
The orc closely misses you.
You riposte.
You hit the orc. You burn the orc.
The orc is heavily wounded.
The orc warrior hits you with a trident!!
You die...

#...........
#....#......
#......##### ###...#..##
#.........# .
#.....##..#
..8.#########ยง....##..#
..'...[o.ooo))...###.>.#
.o8o.oo.)@o......#
##....
.o#....oooo......# ..#..
#..o........#.... .....
#...........#..... .....
#...........#...... ._..
#...........#....>..
o8...........# ......
oo..########## .8.#


You could see 2 orc warriors, 2 orc priests and 14 orcs.

Vanquished Creatures
  Erica (D:8)
  3 hippogriffs
  2 hell hounds (D:8)
  An ice beast (D:6)
  2 sky beasts
  A phantom (D:5)
  Purgy (Sewer)
  4 ogres
  A bullfrog (D:9)
  2 scorpions (D:8)
  9 wights
  A howler monkey (D:6)
  2 electric eels (D:6)
  A crimson imp (D:5)
  A hound (D:5)
  2 bullfrog zombies
  6 orc priests
  4 centaur skeletons
  2 jellies
  11 orc wizards
  A bullfrog skeleton (D:9)
  A gnoll shaman (D:5)
  2 iguanas
  Jessica (D:3)
  6 worker ants
  The ghost of tidbits the Grave Robber, a weakling GnNe (D:4)
  A hound zombie (D:6)
  A worker ant zombie (D:6)
  6 gnolls (D:5)
  7 adders
  2 shadow imps
  3 worms
  3 dart slugs
  A leopard gecko (D:3)
  34 orcs
  7 giant cockroaches
  9 goblins
  6 hobgoblins
  3 jackals (D:3)
  5 quokkas
  A ball python (D:2)
  3 bats
  3 frilled lizards
  8 kobolds
  5 rats
177 creatures vanquished.

Vanquished Creatures (others)
  4 plants (D:6)
4 creatures vanquished.

Grand Total: 181 creatures vanquished

Notes
Turn   | Place    | Note
-------+----------+-------------------------------------------
     0 | D:1      | Lavandula the Barachi Earth Elementalist began the quest for the Orb.
     0 | D:1      | Reached XP level 1. HP: 13/13 MP: 3/3
   116 | D:1      | Found a shattered altar of Ashenzari.
   275 | D:2      | Reached XP level 2. HP: 19/19 MP: 0/5
   411 | D:2      | Reached XP level 3. HP: 23/24 MP: 2/7
   473 | D:2      | Found a shadowy altar of Dithmenos.
   631 | D:3      | Learned a level 3 spell: Stone Arrow
   737 | D:3      | Noticed Robin
   745 | D:3      | Noticed originalK's ghost (amateur DDVM)
   835 | D:3      | Found a glowing drain.
   840 | Sewer    | Entered a sewer
   868 | Sewer    | Noticed Purgy
   893 | Sewer    | Reached XP level 4. HP: 30/30 MP: 3/8
   910 | Sewer    | Got an ichor-stained hunting sling
   965 | Sewer    | Learned a level 4 spell: Petrify
   965 | Sewer    | Identified the +10 hunting sling "Keonyly" {freeze, Dex+5} (You found it in a sewer)
   984 | Sewer    | Killed Purgy
   984 | Sewer    | Reached skill level 2 in Throwing
   984 | Sewer    | Reached XP level 5. HP: 35/35 MP: 3/9
  1030 | D:3      | Reached skill level 3 in Throwing
  1079 | D:3      | Noticed Jessica
  1080 | D:3      | Killed Jessica
  1361 | D:4      | Noticed tidbits's ghost (weakling GnNe)
  1366 | D:4      | Killed tidbits's ghost
  1366 | D:4      | Reached skill level 4 in Throwing
  1366 | D:4      | Reached XP level 6. HP: 22/41 MP: 10/10
  1496 | D:4      | Reached skill level 5 in Throwing
  1574 | D:4      | Found a staircase to the Ecumenical Temple.
  1586 | Temple   | Entered the Ecumenical Temple
  1728 | D:4      | Found a glowing golden altar of the Shining One.
  1728 | D:4      | Found a glowing silver altar of Zin.
  1728 | D:4      | Found a white marble altar of Elyvilon.
  1759 | D:5      | Entered Level 5 of the Dungeon
  1765 | D:5      | Reached XP level 7. HP: 46/46 MP: 11/11
  1819 | D:5      | Reached skill level 6 in Throwing
  1868 | D:5      | Found an ornate altar of the Wu Jian Council.
  1868 | D:5      | Found a snail-covered altar of Cheibriados.
  1868 | D:5      | Found an opulent altar of Gozag.
  1875 | D:5      | Became a worshipper of Cheibriados the Contemplative
  1938 | D:5      | Reached skill level 7 in Throwing
  1986 | D:5      | Reached XP level 8. HP: 29/52 MP: 10/12
  2084 | D:5      | Reached skill level 8 in Throwing
  2093 | D:5      | Reached * piety under Cheibriados
  2187 | D:5      | Noticed a hippogriff
  2195 | D:5      | Killed a hippogriff
  2195 | D:5      | Reached skill level 9 in Throwing
  2504 | D:5      | Learned a level 4 spell: Summon Lightning Spire
  2610 | D:6      | Reached ** piety under Cheibriados
  2647 | D:6      | Reached XP level 9. HP: 44/57 MP: 9/15
  2659 | D:6      | Learned a level 5 spell: Lee's Rapid Deconstruction
  2680 | D:6      | Reached skill level 5 in Earth Magic
  2695 | D:6      | Got a shimmering helmet
  2706 | D:6      | Identified the cursed +0 helmet of Benevolence {+Blink Dex+4} (You found it on level 6 of the Dungeon)
  2837 | D:6      | Reached skill level 1 in Long Blades
  2942 | D:6      | Gained mutation: Your natural rate of healing is unusually fast. [potion of mutation]
  2942 | D:6      | Gained mutation: You are frail. (-10% HP) [potion of mutation]
  2942 | D:6      | Gained mutation: Your muscles are strong. (Str +2) [potion of mutation]
  3361 | D:8      | Noticed Erica
  3412 | D:8      | Reached skill level 5 in Fighting
  3413 | D:8      | Killed Erica
  3413 | D:8      | Reached *** piety under Cheibriados
  3413 | D:8      | Reached XP level 10. HP: 51/72 MP: 16/16
  3484 | D:8      | Found a staircase to the Lair.
  3648 | D:9      | Found an ancient bone altar of Kikubaaqudgha.
  3684 | D:9      | Found a blossoming altar of Fedhas.
  3699 | D:9      | Slain by an orc warrior

Skill      XL: |  1  2  3  4  5  6  7  8  9 10 |
---------------+-------------------------------+-----
Spellcasting   | 3 4 |  4.5
Earth Magic    | 4 5 |  5.0
Throwing       | 2 4 5 7 9 |  9.8
Evocations     | 3 |  3.1
Long Blades    | 4 |  4.3
Fighting       | 7 |  7.9
Dodging        | 4 |  4.6
Stealth        | |  1.7
Transmutations | |  1.1

Action                   |  1- 3 |  4- 6 |  7- 9 | 10-12 || total
-------------------------+-------+-------+-------+-------++-------
Melee: Short sword       |     6 |       |       |       ||     6
       Quarterstaff      |    34 |     3 |       |       ||    37
       Falchion          |       |       |    35 |       ||    35
       Scimitar          |       |       |       |    14 ||    14
 Fire: Hunting sling     |       |    65 |   242 |    27 ||   334
 Cast: Sandblast         |    41 |     8 |    19 |       ||    68
       Stone Arrow       |       |     2 |     7 |       ||     9
 Abil: Hop               |     2 |     2 |     2 |     1 ||     7
  Use: Scroll            |     4 |     1 |     8 |     1 ||    14
       Potion            |       |       |     2 |     1 ||     3
 Stab: Sleeping          |     1 |     2 |       |       ||     3
  Eat: Chunk             |       |     3 |     4 |     1 ||     8
Armor: Robe              |    18 |     2 |    32 |     1 ||    53
Dodge: Dodged            |    55 |     6 |    52 |    26 ||   139
       Rpst.: Falchion   |       |       |    13 |       ||    13
       Scimitar          |       |       |       |     8 ||     8
